 Dungeon Crawl Stone Soup version 0.19.5 (webtiles) character file.

3644 JeffiDaFish the Slasher (level 9, -4/68 HPs)
             Began as a Demonspawn Wanderer on Oct 24, 2017.
             Slain by MajorScales's ghost (19 damage)
             ... on level 9 of the Dungeon.
             The game lasted 00:20:35 (8407 turns).

JeffiDaFish the Slasher (Demonspawn Wanderer)       Turns: 8407, Time: 00:20:36

Health: -4/68      AC: 20    Str: 18    XL:     9   Next: 88%
Magic:  13/13      EV: 12    Int: 15    God:
Gold:   113        SH:  5    Dex: 14    Spells: 1 memorised, 11 levels left

rFire  . . .     SeeInvis .     b - +3 falchion
rCold  . . .     Gourm    .     a - +6 scale mail
rNeg   . . .     Faith    .     u - +0 buckler
rPois  .         Spirit   .     (helmet restricted)
rElec  .         Reflect  .     (no cloak)
rCorr  +         Harm     .     i - +0 pair of gloves
MR     .....                    (no boots)
Stlth  +.........               (no amulet)
                                (no ring)
                                w - ring of resist corrosion

@: mighty, sanguine armour, very slightly contaminated, hasted, very quick
A: antennae 1, demonic guardian 1, spiny 1, sanguine armour 1
a: no special abilities


You were on level 9 of the Dungeon.
You were not hungry.

You visited 1 branch of the dungeon, and saw 9 of its levels.

You collected 289 gold pieces.
You spent 176 gold pieces at shops.

Inventory:

Hand Weapons
 b - a +3 falchion (weapon)
Armour
 a - a +6 scale mail (worn)
 i - a +0 pair of gloves (worn)
 u - a +0 buckler (worn)
Jewellery
 w - a ring of resist corrosion (left hand)
Scrolls
 d - 2 scrolls of magic mapping
 e - 4 scrolls of blinking
 h - 7 scrolls of identify
 k - 2 scrolls of remove curse
 m - 2 scrolls of fear
 q - a scroll of teleportation
 s - 2 scrolls of amnesia
Potions
 j - a potion of magic
 p - 2 potions of cure mutation
Books
 n - a book of Necromancy

   Spells                             Type                      Level
   a - Pain                           Necromancy                   1
   b - Animate Skeleton               Necromancy                   1
   c - Vampiric Draining              Necromancy                   3
   d - Regeneration                   Charms/Necromancy            3
   e - Animate Dead                   Necromancy                   4
   f - Control Undead                 Necromancy                   4
Comestibles
 f - 4 bread rations
 g - 2 meat rations
 l - 2 slices of pizza
 t - a beef jerky
 v - 2 fruits
 x - a chunk of flesh


   Skills:
 + Level 5.1 Fighting
 + Level 6.5 Long Blades
   Level 1.7 Maces & Flails
 - Level 1.0 Throwing
 + Level 5.8 Armour
 + Level 4.0 Dodging
 - Level 2.8 Stealth
 * Level 4.5 Shields
 - Level 1.1 Unarmed Combat
 + Level 3.1 Spellcasting
 + Level 4.0 Necromancy
   Level 1.0 Evocations


You had 11 spell levels left.
You knew the following spells:

 Your Spells              Type           Power        Failure   Level  Hunger
a - Vampiric Draining     Necr           ##........   38%         3    ###....


Dungeon Overview and Level Annotations

Branches:
Dungeon (9/15)
 Temple: D:4-7         Lair: D:8-11         Orc: D:9-12

Altars:
Ashenzari
Cheibriados
Dithmenos
Fedhas
Hepliaklqana
Kikubaaqudgha
Trog
Xom
Yredelemnul
The Shining One

Shops:
D:4 (

Annotations:
D:9 MajorScales's ghost, novice TrMo


Innate Abilities, Weirdness & Mutations

You have a pair of small antennae on your head.
A weak demonic guardian rushes to your aid.
You are partially covered in sharp spines.
When seriously injured, your bleeding wounds create armour. (AC +6)


Message History

Your quasit bites MajorScales's ghost but does no damage.
Your quasit closely misses MajorScales's ghost.
Your quasit claws MajorScales's ghost but does no damage.
You slash MajorScales's ghost!
MajorScales's ghost is severely damaged.
MajorScales's ghost is struck by your spines.
MajorScales's ghost hits you but does no damage.
You barely miss MajorScales's ghost.
MajorScales's ghost is severely damaged.
The bullfrog swells and bulges.
Your quasit bites MajorScales's ghost but does no damage.
Your quasit barely misses MajorScales's ghost.
Your quasit claws MajorScales's ghost but does no damage.
You catch the helpless MajorScales's ghost completely off-guard!
You hit MajorScales's ghost.
MajorScales's ghost is severely damaged.
Your quasit bites MajorScales's ghost but does no damage.
Your quasit claws MajorScales's ghost but does no damage. x2
MajorScales's ghost hits you!!
You die...

## ###.
#..#
#5@#
#W.##
#F##.##
#.#
##.##
...
##.##
#..
##.###
#.%
##..#
#..
##.##
#..##


You could see a bullfrog, MajorScales's ghost and a friendly quasit.

Vanquished Creatures
  Pikel (D:8)
  Grinder (D:6)
  A hippogriff (D:8)
  4 yaks (D:8)
  Menkaure (D:7)
  A sky beast (D:5)
  An eye of draining (D:8)
  3 ogres
  A bullfrog (D:8)
  A scorpion (D:6)
  8 killer bees (D:8)
  2 howler monkeys
  A bullfrog zombie (D:7)
  A centaur skeleton (D:6)
  4 hounds
  8 orc priests
  A jelly (D:5)
  5 orc wizards
  An iguana (D:6)
  4 worker ants
  A hound skeleton (D:4)
  A mummy (D:7)
  A worker ant zombie (D:5)
  6 gnolls
  9 adders
  2 shadow imps (D:5)
  3 oozes
  3 adder skeletons
  5 worms
  2 dart slugs (D:1)
  3 leopard geckos
  25 orcs
  3 ball pythons
  3 giant cockroaches
  6 goblins
  7 hobgoblins
  3 jackals (D:4)
  4 kobolds
  7 quokkas
  7 bats
  7 frilled lizards
  2 jackal zombies
  A quokka skeleton (D:8)
  7 rats
168 creatures vanquished.

Vanquished Creatures (collateral kills)
  A hippogriff (D:7)
  A yak (D:8)
  A scorpion (D:8)
  An orc wizard (D:8)
  An orc (D:7)
  A quokka skeleton (D:7)
6 creatures vanquished.

Grand Total: 174 creatures vanquished

Notes
Turn   | Place    | Note
-------+----------+-------------------------------------------
     0 | D:1      | JeffiDaFish the Demonspawn Wanderer began the quest for the Orb.
     0 | D:1      | JeffiDaFish set off with: a +2 scale mail, a +0 falchion, a potion of curing, a +0 dagger, a bread ration
     0 | D:1      | Reached XP level 1. HP: 15/15 MP: 1/1
   241 | D:1      | Gained mutation: You are partially covered in sharp spines. [demonic ancestry]
   241 | D:1      | Reached XP level 2. HP: 16/21 MP: 2/2
   876 | D:2      | Reached XP level 3. HP: 26/26 MP: 3/3
  1215 | D:2      | Reached skill level 1 in Long Blades
  1495 | D:3      | Gained mutation: You have a pair of small antennae on your head. [demonic ancestry]
  1495 | D:3      | Reached XP level 4. HP: 32/32 MP: 4/4
  1553 | D:3      | Found a shadowy altar of Dithmenos.
  1553 | D:3      | Found a basalt altar of Yredelemnul.
  1561 | D:3      | Found a blossoming altar of Fedhas.
  2115 | D:3      | Reached skill level 2 in Long Blades
  2139 | D:3      | Reached XP level 5. HP: 4/37 MP: 5/5
  2879 | D:4      | Reached skill level 3 in Long Blades
  2879 | D:4      | Reached skill level 1 in Dodging
  2948 | D:4      | Found Nycsek's Antique Weapon Shop.
  3159 | D:4      | Found a bloodstained altar of Trog.
  3479 | D:5      | Entered Level 5 of the Dungeon
  3486 | D:5      | Reached XP level 6. HP: 32/44 MP: 6/6
  3555 | D:5      | Noticed a sky beast
  3573 | D:5      | Killed a sky beast
  3573 | D:5      | Reached skill level 4 in Long Blades
  4028 | D:5      | Gained mutation: A weak demonic guardian rushes to your aid. [demonic ancestry]
  4028 | D:5      | Reached XP level 7. HP: 46/50 MP: 7/7
  4437 | D:6      | Found a shattered altar of Ashenzari.
  4483 | D:6      | Found a hazy altar of Hepliaklqana.
  4525 | D:6      | Reached skill level 5 in Long Blades
  4597 | D:6      | Noticed Grinder
  4615 | D:6      | Killed Grinder
  4692 | D:6      | Gained mutation: When seriously injured, your bleeding wounds create armour. (AC +6) [demonic ancestry]
  4692 | D:6      | Reached XP level 8. HP: 58/58 MP: 8/8
  4878 | D:6      | Learned a level 3 spell: Vampiric Draining
  4981 | D:6      | Found a glowing golden altar of the Shining One.
  5420 | D:7      | Found a snail-covered altar of Cheibriados.
  5493 | D:7      | Noticed a hippogriff
  5505 | D:7      | Killed a hippogriff
  5505 | D:7      | Reached skill level 5 in Armour
  5505 | D:7      | Reached skill level 1 in Shields
  5505 | D:7      | Reached skill level 1 in Spellcasting
  5505 | D:7      | Reached skill level 1 in Necromancy
  5507 | D:7      | Found an ancient bone altar of Kikubaaqudgha.
  5692 | D:7      | Found a shimmering altar of Xom.
  5692 | D:7      | Found a shimmering altar of Xom.
  5692 | D:7      | Found a shimmering altar of Xom.
  5692 | D:7      | Found a shimmering altar of Xom.
  5694 | D:7      | Found a shimmering altar of Xom.
  5695 | D:7      | Found a shimmering altar of Xom.
  5725 | D:7      | Noticed a two-headed ogre
  5725 | D:7      | a black bear changed into a two-headed ogre
  5728 | D:7      | Noticed a hornet
  5728 | D:7      | a two-headed ogre changed into a hornet
  5731 | D:7      | a hornet changed into something unseen
  5739 | D:7      | Noticed a shapeshifter
  5739 | D:7      | a golden eye changed into a shapeshifter
  5740 | D:7      | Noticed a harpy
  5740 | D:7      | a shapeshifter changed into a harpy
  5769 | D:7      | Noticed Menkaure
  5781 | D:7      | Killed Menkaure
  6088 | D:8      | Reached skill level 6 in Long Blades
  6259 | D:8      | Reached XP level 9. HP: 64/65 MP: 1/11
  6415 | D:8      | HP: 3/66 [yak (9)]
  7401 | D:8      | Found a glowing golden altar of the Shining One.
  7401 | D:8      | Noticed Pikel
  7424 | D:8      | Killed Pikel
  7464 | D:8      | Got a scorched helmet
  7586 | D:4      | Bought a bloodstained scythe for 176 gold pieces
  7592 | D:4      | Identified the +4 scythe of the Countless Gods {pain, rN+ Str-2 Int+4} (You bought it in a shop on level 4 of the Dungeon)
  7826 | D:8      | Reached skill level 5 in Fighting
  8101 | D:8      | Identified the cursed +1 short sword of Doom {drain, rC+ MR+ Dex-5 Stlth+} (You found it on level 8 of the Dungeon)
  8375 | D:9      | Noticed MajorScales's ghost (novice TrMo)
  8407 | D:9      | Slain by MajorScales's ghost

Skill      XL: |  1  2  3  4  5  6  7  8  9 |
---------------+----------------------------+-----
Stealth        | 2 |  2.8
Armour         | 2 3 4 5 |  5.8
Long Blades    | 1 2 3 4 5 6 |  6.5
Dodging        | 1 2 3 4 |  4.0
Fighting       | 2 3 4 5 |  5.1
Shields        | 2 4 |  4.5
Spellcasting   | 1 3 |  3.1
Necromancy     | 2 4 |  4.0
Maces & Flails | |  1.7
Throwing       | |  1.0
Unarmed Combat | |  1.1
Evocations     | |  1.0

Action                   |  1- 3 |  4- 6 |  7- 9 || total
-------------------------+-------+-------+-------++-------
Melee: Falchion          |    88 |   168 |   316 ||   572
       Punch             |     1 |       |       ||     1
       Unarmed           |       |       |     2 ||     2
  Use: Scroll            |     9 |     4 |     5 ||    18
       Potion            |     2 |     3 |     9 ||    14
 Stab: Distracted        |       |       |     5 ||     5
  Eat: Chunk             |     2 |     8 |    14 ||    24
       Fruit             |       |       |     1 ||     1
Armor: Scale mail        |    67 |   102 |   134 ||   303
Dodge: Dodged            |    60 |    66 |   116 ||   242
Block: Buckler           |       |       |    36 ||    36
       Rpst.: Falchion   |    10 |    24 |    31 ||    65
